[Event "4NCL Div 2 2024-25"]
[Site "England"]
[Date "2025.02.15"]
[Round "5.1"]
[White "Korshunov, Sergey And."]
[Black "Bowcott-Terry, Finlay"]
[Result "1-0"]
[Annotator "ChessBase"]
[ECO "B33"]
[WhiteElo "2330"]
[BlackElo "2168"]
[PlyCount "83"]
[EventDate "2024.11.23"]
[EventType "team-tourn"]
[EventCountry "ENG"]
[SourceTitle "playchess.com"]
[Source "ChessBase"]
[SourceQuality "1"]
[TimeControl "40/6000+30:3000+30"]

1. e4 c5 2. Nf3 Nc6 3. d4 cxd4 4. Nxd4 Nf6 5. Nc3 e5 6. Ndb5 d6 7. Bg5 a6 8. Na3 b5 9. Bxf6 gxf6 10. Nd5 Bg7 11. c3 f5 12. Bd3 Ne7 13. Nxe7 Qxe7 14. Nc2 d5 15. exf5 e4 16. Be2 Bb7 17. Qd2 O-O 18. O-O Rad8 19. Nd4 Qe5 20. Rad1 Kh8 21. Qe3 Rg8 22. f4 Qe7 23. a3 Bxd4 24. Qxd4+ f6 25. Kh1 Rg7 26. Rg1 Rdg8 27. g4 h6 28. Rg3 Qd6 29. Rf1 Kh7 30. Rf2 Bc8 31. Qe3 Rd8 32. Rh3 d4 33. Rxh6+ Kg8 34. cxd4 Qxd4 35. Qxd4 Rxd4 36. Rh3 Rc7 37. Kg1 Rc1+ 38. Rf1 Rc2 39. Rc3 Rxe2 40. Rxc8+ Kf7 41. Rfc1 Rd7 42. R8c2 1-0

[Event "4NCL Div 2 2024-25"]
[Site "England"]
[Date "2025.02.15"]
[Round "5.1"]
[White "Hobson, Kenneth"]
[Black "Webb, Richard M"]
[Result "1-0"]
[Annotator "TA"]
[ECO "B76"]
[WhiteElo "2152"]
[BlackElo "2172"]
[PlyCount "49"]
[EventDate "2024.11.23"]
[EventType "team-tourn"]
[EventCountry "ENG"]
[SourceTitle "playchess.com"]
[Source "ChessBase"]
[SourceQuality "1"]
[TimeControl "40/6000+30:3000+30"]

1. e4 c5 2. Nf3 d6 3. d4 cxd4 4. Nxd4 Nf6 5. Nc3 g6 6. Be3 Bg7 7. f3 O-O 8. Qd2 Nc6 9. O-O-O d5 10. exd5 Nxd5 11. Nxc6 bxc6 12. Bd4 e5 13. Bc5 Re8 14. Nxd5 cxd5 15. Bb5 {[%emt 0:01:06] [#] B76: Sicilian Dragon: Yugoslav Attack, 9 g4 and 9 0-0-0.} (15. Qxd5 $11 Qxd5 16. Rxd5) 15... Be6 $1 16. Bxe8 $11 (16. Kb1 Rc8) 16... Qxe8 17. Rhe1 (17. Qa5 $11) 17... Rc8 (17... Qa4 $15 18. Kb1 d4) 18. Qa5 $1 (18. Bxa7 Qa4 19. Bf2 Bf5 $19 (19... Qxa2 $2 20. Qg5 $19)) (18. Bd6 Bf5 19. c3 (19. Qxd5 $2 Rxc2+ 20. Kb1 Rd2+ 21. Ka1 Rxd5 $19) 19... Qa4 $19) 18... Qc6 19. b4 Bf6 $146 (19... d4 $5) ({Predecessor:} 19... d4 20. h4 h5 21. Rd3 Bf5 22. Ra3 Qd5 23. Qa6 Rc6 24. Qe2 a5 25. Rxa5 d3 {0-1 Sidenko,A (2210)-Llorente Alvarez,J (2098) LSS BI-2009-P-00017}) 20. c4 (20. Rd3 $11) 20... d4 $1 $17 21. Qb5 {[%emt 0:01:47] [#]} Qc7 ({Black should try} 21... Qa8 $1 $17 {[%cal Oa7a5] ...a5! would now be deadly.} 22. Kb2 a6) 22. f4 (22. Qa6 $1 $11) 22... exf4 (22... a5 $1 $15 {is more appropriate.} 23. a3 (23. Qxa5 $2 Qxa5 24. bxa5 Rxc5 $19) (23. fxe5 $2 Bg5+ 24. Kb1 Rb8 $17) 23... exf4) 23. Qa6 $1 $11 Qd7 {[%emt 0:05:51][%mdl 1024] Black has compensation.} 24. Re4 d3 $2 {[%emt 0:03:08][%mdl 8192] [#]} (24... h6 $11 {and Black stays safe.}) 25. Rxd3 $1 {[%emt 0:27:40] Weighted Error Value: White=0.33/Black=0.67  Loses game:     	---       	Black=1      Mistake:       	White=3     	Black=4      Inaccurate:     	White=1     	---        OK:         	White=3     	Black=2      Strong:       	White=2     	Black=1      Brilliant:      	White=1     	---} 1-0

[Event "4NCL Div 2 2024-25"]
[Site "England"]
[Date "2025.02.15"]
[Round "5.2"]
[White "Cooksey, Paul S"]
[Black "Khoury, Theo"]
[Result "1/2-1/2"]
[Annotator "ChessBase"]
[ECO "D37"]
[WhiteElo "2234"]
[BlackElo "2194"]
[PlyCount "33"]
[EventDate "2024.11.23"]
[EventType "team-tourn"]
[EventCountry "ENG"]
[SourceTitle "playchess.com"]
[Source "ChessBase"]
[SourceQuality "1"]
[TimeControl "40/6000+30:3000+30"]

1. d4 d5 2. c4 e6 3. Nf3 Nf6 4. Nc3 Be7 5. Bf4 O-O 6. e3 b6 7. Bd3 Bb7 8. O-O dxc4 9. Bxc4 c5 10. dxc5 Bxc5 11. Qe2 Qe7 12. a3 Nc6 13. Bg5 Bd6 14. Bxf6 Qxf6 15. Ne4 Qe7 16. Nxd6 Qxd6 17. Rfd1 1/2-1/2

[Event "4NCL Div 2 2024-25"]
[Site "England"]
[Date "2025.02.15"]
[Round "5.2"]
[White "Shearsby, Jude"]
[Black "Taylor, Adam A"]
[Result "0-1"]
[Annotator "ChessBase"]
[ECO "B43"]
[WhiteElo "2192"]
[BlackElo "2258"]
[PlyCount "78"]
[EventDate "2024.11.23"]
[EventType "team-tourn"]
[EventCountry "ENG"]
[SourceTitle "playchess.com"]
[Source "ChessBase"]
[SourceQuality "1"]
[TimeControl "40/6000+30:3000+30"]

1. e4 c5 2. Nc3 a6 3. Nf3 b5 4. d4 cxd4 5. Nxd4 Bb7 6. Bd3 e6 7. O-O Nc6 8. Nxc6 Bxc6 9. Re1 d6 10. a4 bxa4 11. Nxa4 Nf6 12. Nc3 Qb6 13. Qe2 Be7 14. Rxa6 Rxa6 15. Bxa6 O-O 16. Bc4 Rc8 17. Bb3 Bb7 18. Bg5 h6 19. Be3 Qc7 20. Qd3 Nd7 21. Bd4 Nc5 22. Qg3 Bf8 23. Bxc5 Qxc5 24. Qe3 Qa5 25. Rd1 Be7 26. Qd2 Bg5 27. Qe1 Bf4 28. f3 Qc5+ 29. Kh1 Qh5 30. h3 Be5 31. Ne2 Ra8 32. Bc4 Ra4 33. Bd3 d5 34. exd5 Bxd5 35. Kg1 Qg5 36. Nc3 Bxf3 37. Rd2 Bf4 38. h4 Be3+ 39. Kf1 Rxh4 0-1

[Event "4NCL Div 2 2024-25"]
[Site "England"]
[Date "2025.02.15"]
[Round "5.3"]
[White "Wilks, Simon"]
[Black "Valdepenas Octavio, Javier"]
[Result "1/2-1/2"]
[Annotator "TA"]
[ECO "C95"]
[WhiteElo "2078"]
[BlackElo "2145"]
[PlyCount "116"]
[EventDate "2024.11.23"]
[EventType "team-tourn"]
[EventCountry "ENG"]
[SourceTitle "playchess.com"]
[Source "ChessBase"]
[SourceQuality "1"]
[TimeControl "40/6000+30:3000+30"]

1. e4 e5 2. Nf3 Nc6 3. Bb5 a6 4. Ba4 Nf6 5. O-O Be7 6. Re1 b5 7. Bb3 d6 8. c3 O-O 9. h3 Nb8 10. d4 Nbd7 11. Nbd2 Bb7 12. Bc2 Re8 13. Nf1 Bf8 14. Ng3 g6 15. a4 Nb6 {[%emt 0:00:06] C95: Closed Ruy Lopez: Breyer Variation with 10 d4.} 16. a5 Nbd7 17. b3 exd4 18. cxd4 c5 19. d5 Bg7 20. Ra2 Ne5 $146 ({Predecessor:} 20... Rc8 21. Bf4 Qe7 22. Bb1 c4 23. Rae2 Ne5 24. Nd4 cxb3 25. Qxb3 Rc4 26. Nc2 Qc7 {½-½ Zarubitski,V (2416)-Degraeve,R (2322) EU-ch U16 28th 2018 (3)}) 21. Nxe5 Rxe5 22. Bf4 Re8 23. Bd3 Rc8 24. Qc1 Qc7 25. Bd2 Nd7 26. Bc3 Ne5 27. Bf1 Qd8 28. f4 Nd7 (28... c4 $15 29. bxc4 (29. fxe5 cxb3 30. Rb2 b4 $17) 29... Nxc4 30. Bxg7 Kxg7) 29. Bxg7 $11 Kxg7 30. Rf2 Qh4 31. Nh1 Kg8 {[%emt 0:03:42] Successful Defense Black} 32. g3 Qe7 33. Rfe2 Qf6 34. Nf2 $36 {[%emt 0:00:22][%mdl 2048] White is pushing.} Qg7 35. Bg2 Qd4 36. Kh2 c4 37. Rd1 Qc5 {[%emt 0:00:29] [#]} (37... cxb3 $2 38. Qxc8 Rxc8 39. Rxd4 $18) (37... Qg7 $11) 38. Rc2 $1 $16 c3 (38... Qb4 $14) 39. Nd3 Qc7 40. b4 (40. Qa1 $16) 40... Nf6 $11 {[%emt 0:03:50] The position is equal.} 41. Nf2 Qc4 42. Rd3 Qxb4 (42... Nxe4 43. Bxe4 Qxb4 (43... Rxe4 $2 44. Rdxc3 Re2 45. Rxc4 $18) 44. Rcxc3 $18) 43. Rdxc3 (43. Rcxc3 Qxa5 44. Qb2 Rxc3 45. Rxc3 h5 $15) 43... Rxc3 44. Rxc3 {[%emt 0:00:04] [#]} Qxa5 45. Rc7 Qb6 46. Qc3 b4 (46... Qxf2 $2 47. Qxf6 (47. Rxb7 $2 {is the wrong capture.} Nxe4 48. Qf3 Qd4 $19) 47... Rf8 48. Rxb7 $18) 47. Rxb7 Qxb7 48. Qxf6 b3 49. Ng4 {[%emt 0:07:53] and Nh6+ would now be decisive} b2 50. Nh6+ Kf8 51. Nf5 {[%emt 0:00:32] Some like it hot} gxf5 {[%emt 0:00:35][%mdl 4096] Endgame KQR-KQB} ({Weaker is} 51... b1=B 52. Qh8#) 52. e5 $1 b1=Q 53. Qh6+ $1 Kg8 {[%emt 0:00:07][%cal Oe8e5] ( -> ...Rxe5!)} 54. Qg5+ Kh8 {[%emt 0:00:31][%cal Of7f6] ( -> ...f6!)} 55. Qf6+ Kg8 56. Qg5+ Kh8 57. Qf6+ Kg8 {[%emt 0:00:03] Hoping for ...Qe7.} 58. Qg5+ Kh8 {[%emt 0:00:13] Weighted Error Value: White=0.05 (flawless) /Black=0.08 (flawless)   Mistake:       	White=1     	Black=3      Inaccurate:     	White=1     	Black=2      OK:         	White=18    	Black=13     Best:        	White=4     	Black=4      Strong:       	White=3     	---} 1/2-1/2

[Event "4NCL Div 2 2024-25"]
[Site "England"]
[Date "2025.02.15"]
[Round "5.3"]
[White "Pozimski, Szymon"]
[Black "Thompson, Ian D"]
[Result "1-0"]
[Annotator "TA"]
[ECO "D43"]
[WhiteElo "2003"]
[BlackElo "2010"]
[PlyCount "79"]
[EventDate "2024.11.23"]
[EventType "team-tourn"]
[EventCountry "ENG"]
[SourceTitle "playchess.com"]
[Source "ChessBase"]
[SourceQuality "1"]
[TimeControl "40/6000+30:3000+30"]

1. c4 e6 2. Nc3 d5 3. d4 c6 4. Qb3 Nf6 5. Bg5 Nbd7 6. Nf3 Be7 7. e3 h6 {[%emt 0:03:10] D43: Semi-Slav: 5 Bg5 h6.} 8. Bh4 b6 9. Be2 Bb7 {[%emt 0:01:05] The position is equal.} 10. O-O O-O 11. Rfd1 Ne4 {[%emt 0:04:59] [#] ...Nxc3 is the strong threat.} 12. Bxe7 Qxe7 13. Nxe4 $146 ({Predecessor:} 13. Rac1 Nxc3 14. Qxc3 {½-½ Ippolito,D (2395)-Arun Prasad,S (2496) Arlington DC op 3rd 2015 (3)}) 13... dxe4 14. Nd2 c5 15. dxc5 Nxc5 16. Qc3 Rfd8 17. Nf1 a5 18. b3 g6 19. Ng3 h5 20. Bf1 e5 21. Qc2 f5 22. Ne2 Nd3 23. Nc3 Nb4 24. Qe2 f4 25. exf4 exf4 26. Rxd8+ Rxd8 27. Rd1 Rxd1 28. Nxd1 (28. Qxd1 $5 e3 29. Qe2 $11 (29. Qd4 Nxa2 30. Nxa2 e2 $14)) 28... Qe5 29. Qd2 Kh7 (29... Kf7 $11) 30. Qd7+ $16 Qg7 31. Qd6 Nc6 (31... Nxa2 $14 32. Qxf4 Bc6) 32. Qxf4 $18 Qe7 33. Qd2 Ne5 34. Ne3 Qg5 $2 {[%emt 0:00:45] [#]} (34... Qd7 $16 35. Nd5 Bxd5) 35. Kh1 $2 (35. Qd6 $1 $18 {[%cal Rd6c7] and the rest is easy.} Bc6 36. Qc7+ Kg8 37. Qb8+ (37. Qxb6 Kg7 $18) 37... Kf7 38. Qxb6) 35... Kh6 $2 (35... Nd3 $16 {keeps fighting.} 36. Kg1 (36. Bxd3 exd3 37. Qxd3 Bxg2+ 38. Nxg2 Qc1+ $16) 36... Qe5) 36. Qd4 Ng4 $2 (36... Qf6 $18 37. Qd2 Kg7) 37. Nxg4+ (37. Qh8# $142) 37... hxg4 38. Qxb6 (38. Qh8# $142) 38... Qc1 39. Qe3+ Qxe3 40. fxe3 {[%emt 0:00:02] Weighted Error Value: White=0.44/Black=0.75  Loses game:     	---       	Black=2      Missed win:     	White=1     	---        Mistake:       	White=1     	Black=3      Inaccurate:     	White=4     	Black=4      OK:         	White=14    	Black=5      Best:        	White=2     	Black=2} 1-0

[Event "4NCL Div 2 2024-25"]
[Site "England"]
[Date "2025.02.15"]
[Round "5.4"]
[White "Pitcher, John"]
[Black "Alizada, Eldar"]
[Result "1/2-1/2"]
[Annotator "TA"]
[ECO "C00"]
[WhiteElo "2147"]
[BlackElo "1998"]
[PlyCount "119"]
[EventDate "2024.11.23"]
[EventType "team-tourn"]
[EventCountry "ENG"]
[SourceTitle "playchess.com"]
[Source "ChessBase"]
[SourceQuality "1"]
[TimeControl "40/6000+30:3000+30"]

1. e4 e6 2. d3 d5 3. Nd2 Nf6 4. Ngf3 c5 5. g3 Nc6 6. Bg2 Be7 7. O-O O-O 8. Re1 b5 9. a4 b4 10. exd5 {[%emt 0:01:04] C00: French: Unusual White 2nd moves.} exd5 11. Nb3 Rb8 $146 (11... Bf5 $11) ({Predecessor:} 11... Bg4 12. h3 Bh5 13. g4 Bg6 14. Bf4 Rc8 15. Ne5 Nxe5 16. Bxe5 Bd6 17. Qd2 Bxe5 18. Rxe5 {1-0 Karjakin,S (2783)-Meier,G (2630) chess.com Speed 1m+1spm 2017 blitz (1.22)}) 12. Bf4 Bd6 13. Qd2 Bb7 (13... Be6 $11 {remains equal.}) 14. Nh4 Ne7 {[%emt 0:29:35] [#]} (14... Bc8 $142) 15. Bxd6 $1 $16 Qxd6 16. Qe3 $1 Rfe8 17. Qxc5 Qxc5 18. Nxc5 Ba8 19. Nb3 Rbc8 20. Nd4 g5 21. Nhf3 h6 22. Ne5 (22. a5 $18) 22... Rc7 (22... Nc6 $16 23. Nexc6 Rxe1+ 24. Rxe1 Bxc6) 23. Re2 $18 a6 24. Rae1 Kf8 25. Bh3 Rb8 $2 {[%emt 0:01:47] [#]} (25... Bb7 26. a5 Bc8 27. Bxc8 Rexc8) 26. b3 (26. Nd7+ $142 Rxd7 27. Bxd7) 26... Rb6 $2 (26... Nc6 27. Nexc6 Bxc6) 27. Rf1 $2 (27. Nd7+ Rxd7 28. Bxd7) 27... h5 28. Bg2 Bb7 29. Nef3 g4 30. Ne5 Bc8 31. f3 Kg7 32. fxg4 hxg4 33. Rf4 {[%emt 0:02:39] White has more active pieces.} Rd6 34. Ref2 Ng6 35. Nxg6 Kxg6 36. Re2 Nh5 37. Rff2 f6 (37... Be6 $16 {is a better defense.} 38. Re5 Nf6) 38. Kf1 (38. Re8 $18) 38... Ng7 $16 39. Ke1 Nf5 40. Rf4 Ng7 41. Kd2 Nh5 42. Rf1 Ng7 43. Ref2 Bd7 44. Ne2 Nh5 45. Nd4 Ng7 {[%emt 0:00:06] Prevents Nf5.} 46. Re1 Bc8 47. Rfe2 (47. Rh1 $18) 47... Nf5 48. Nxf5 Bxf5 49. Rf1 (49. Re7 $16 Rc5 50. Re8) 49... d4 (49... Rdc6 $14 50. Rc1 (50. Bxd5 Rxc2+ 51. Ke1 Rc1+ 52. Kf2 R1c3 $11) 50... Rc5) 50. Rf4 Rc5 51. Be4 {[%emt 0:04:01] Rxf5 would now be deadly.} Kg5 52. Ref2 (52. Bxf5 $16 Rxf5 53. Rfe4) 52... Bd7 $14 53. Bg2 a5 54. Kd1 Re5 55. Re4 Bc6 56. Ref4 (56. Rxe5+ $14 fxe5 57. Bxc6 Rxc6 58. Rf7 (58. Rf8 Rh6 $11)) 56... Bxg2 57. Rxg2 {[%emt 0:00:02] White is slightly better.} f5 58. Kd2 Rd7 59. Rgf2 Rd6 60. Kd1 {[%emt 0:02:07] Black defended with fortune.   Weighted Error Value: White=0.29 (precise) /Black=0.27 (precise)   Mistake:       	White=8     	Black=8      Inaccurate:     	White=2     	Black=3      OK:         	White=18    	Black=18     Best:        	White=1     	Black=1      Strong:       	White=1     	---} 1/2-1/2

[Event "4NCL Div 2 2024-25"]
[Site "England"]
[Date "2025.02.15"]
[Round "5.4"]
[White "Purdon, Colin"]
[Black "Udovenko, Daniel"]
[Result "1/2-1/2"]
[Annotator "TA"]
[ECO "E91"]
[WhiteElo "1957"]
[BlackElo "1941"]
[PlyCount "196"]
[EventDate "2024.11.23"]
[EventType "team-tourn"]
[EventCountry "ENG"]
[SourceTitle "playchess.com"]
[Source "ChessBase"]
[SourceQuality "1"]
[TimeControl "40/6000+30:3000+30"]

1. d4 Nf6 2. c4 g6 3. Nc3 Bg7 4. e4 O-O 5. Nf3 d6 6. Be2 e5 7. Be3 Bg4 8. dxe5 {[%emt 0:07:58] E91: King's Indian: Classical: 6 Be2, unusual replies including 6...c5 and 6...Bg4.} Bxf3 9. Bxf3 dxe5 10. Qb3 {[%emt 0:05:53] White is slightly better.} Nc6 {[%emt 0:09:57] Not much happening anymore} 11. Qxb7 Nd4 12. Bxd4 exd4 13. Nd5 Nd7 $146 {[%emt 0:27:00] Black sacrificed a pawn} (13... Nxd5 $15 14. Qxd5 Rb8) ({Predecessor:} 13... Nxd5 14. Qxd5 Qe7 15. O-O Rfd8 16. Qa5 d3 17. Rad1 Bxb2 18. e5 Rab8 19. Bd5 Bxe5 {1-0 Kishnev,S (2495)-Rogers,I (2558) Bundesliga 0001 2000 (7.2)}) 14. Qxc7 (14. b3 $5) 14... Qxc7 15. Nxc7 Rac8 16. Nd5 {[%emt 0:05:18] Strongly threatening Ne7+.} Rxc4 17. O-O Rc2 18. Rac1 Rxb2 19. Rc7 Ne5 20. Rxa7 d3 21. Bd1 Nc4 22. Bb3 (22. Rd7 $11 {keeps the balance.}) 22... Nd2 $1 $17 23. Rd1 Nxe4 24. Rxd3 (24. Rd7 $142) 24... Nxf2 25. Ne7+ Kh8 26. Rdd7 Ne4 27. g3 Ng5 28. Nc6 Nf3+ 29. Kf1 Nxh2+ {[%emt 0:00:55][%csl Oa2,Og3] White has weak pawns} (29... Rxh2 $6 30. Nd8 $11) 30. Kg1 (30. Ke1 $17 {was forced.}) 30... Nf3+ (30... Re8 $19 31. Re7 Rxe7 32. Rxe7 Bf8 (32... Nf3+ $2 33. Kf1 $17) 33. Bxf7 (33. Rxf7 Bc5+ 34. Kh1 Ng4 $19) 33... Bxe7 34. Nxe7 Kg7) 31. Kf1 Nd2+ 32. Kg1 {[%emt 0:03:35] [#]} Nxb3 (32... Bh6 $142 $1 33. Rd3 Nxb3 34. axb3 Kg8) 33. axb3 Rxb3 34. Kg2 Kg8 (34... Bf6 $15 35. Rxf7 Rb2+ 36. Kh3 Rxf7 37. Rxf7 Rf2) 35. Nd8 $2 {[%emt 0:02:18] [#]} (35. Ne7+ $11 Kh8 36. Nc6) 35... Rb2+ (35... Be5 $1 $19 36. Nxf7 Rxg3+ 37. Kh1 Rh3+ 38. Kg2 Rh2+ 39. Kg1 Bf4) 36. Kh3 $15 Rf2 37. Ne6 $1 Re8 (37... fxe6 38. Rxg7+ Kh8 39. Rxh7+ Kg8 40. Rag7#) 38. Nf4 (38. Re7 $1 $11 {and White is okay.} Rf8 39. Nxf8 Bxf8 40. Ra8) 38... Rf8 $2 (38... g5 $19 39. Rxf7 Bd4) 39. Ne6 Re8 (39... fxe6 40. Rxg7+ Kh8 41. Rxh7+ Kg8 42. Rag7#) (39... Rb8 $15 40. Rab7 (40. Nd8 $2 Rb1 $19) 40... Re8) 40. Nf4 $19 Bf8 (40... Rf8 41. Ne6 $15) (40... g5 $19 41. Rxf7 Bd4) 41. Rxf7 $17 g5 42. Rxh7 gxf4 43. Rh4 Re6 (43... Bc5 44. Ra5 $15) (43... Bd6 $17 44. Rg4+ Kf8) 44. Rg4+ $15 Kh8 {[%emt 0:00:10] and ...Rh6+ should not be overlooked} 45. Rxf4 Rxf4 46. gxf4 {[%emt 0:00:07][%mdl 4096] Endgame KRB-KR} Re4 47. Kg4 Bd6 48. Kf5 Rxf4+ 49. Ke6 Bc5 50. Rb7 Bd4 51. Kd5 Bg7 52. Ra7 Kh7 53. Ra6 Bf6 54. Ra2 Kg6 55. Ke6 Re4+ 56. Kd5 Re1 57. Rc2 Bg5 58. Rf2 Bf6 ({Better is} 58... Rc1 $15) 59. Rg2+ ({White should play} 59. Rc2 $1 $11) 59... Kf7 60. Ra2 Re5+ 61. Kd6 Re4 62. Ra7+ Kg6 63. Ra2 Bg5 64. Kd5 Kf5 65. Rf2+ Bf4 66. Rf1 Re8 67. Rh1 Rd8+ 68. Kc4 Ke4 69. Rh4 Rc8+ 70. Kb4 Ke3 (70... Rc1 $15 {was preferable.}) 71. Kb5 {[%emt 0:00:17] The position is equal.} Kf3 72. Rh3+ Ke2 73. Rh4 Ke3 74. Rh3+ Kd4 75. Rh4 Rf8 76. Rh5 Be5 77. Rh4+ Kd5 78. Rh5 Rb8+ 79. Ka5 Ke6 80. Ka4 Kd6 81. Rg5 Kd5 82. Rh5 Rb1 83. Ka5 Kd6 84. Ka4 Kd5 {[%emt 0:00:32][%cal Od5c4] ( -> ...Kc4!)} 85. Ka5 Rb2 86. Rg5 Re2 87. Kb5 Rc2 88. Rh5 Rc5+ 89. Kb4 Kc6 {[%emt 0:00:36] ( -> ...Bc3+)} 90. Rh6+ Bd6 {[%emt 0:00:08] ( -> ...Rh5+)} 91. Kb3 $1 Rc1 92. Rg6 Kd5 93. Rg2 Bf4 94. Rc2 Rb1+ 95. Rb2 Rg1 96. Rc2 Rg8 97. Ka4 Rb8 98. Ka3 Kd4 {[%emt 0:00:46] White happily takes the draw.   Weighted Error Value: White=0.25 (precise) /Black=0.27 (precise)   Loses game:     	White=2     	---        Missed win:     	---       	Black=1      Mistake:       	White=4     	Black=10     Inaccurate:     	White=2     	Black=1      OK:         	White=33    	Black=32     Best:        	White=3     	Black=6      Strong:       	White=2     	Black=1} 1/2-1/2

[Event "4NCL Div 2 2024-25"]
[Site "England"]
[Date "2025.02.15"]
[Round "5.5"]
[White "Verbytski, Oleg"]
[Black "Dicen, Elis Denele"]
[Result "0-1"]
[Annotator "TA"]
[ECO "C54"]
[WhiteElo "1968"]
[BlackElo "2100"]
[PlyCount "79"]
[EventDate "2024.11.23"]
[EventType "team-tourn"]
[EventCountry "ENG"]
[SourceTitle "playchess.com"]
[Source "ChessBase"]
[SourceQuality "1"]
[TimeControl "40/6000+30:3000+30"]

1. e4 e5 2. Nf3 Nc6 3. Bc4 Nf6 4. d3 Bc5 5. c3 d6 6. O-O O-O 7. Re1 a6 {[%emt 0:02:42] 7...Bb6 is the modern continuation. C54: Giuoco Piano: 4 c3 Nf6, main lines with 5 d4 and 5 d3.} 8. d4 Ba7 9. h3 h6 {[%emt 0:11:21] The position is equal.} 10. Be3 Bd7 $146 ({Predecessor:} 10... exd4 11. cxd4 d5 12. exd5 Nb4 13. Bd2 Nbxd5 14. Nc3 Be6 15. Bb3 c5 16. Rc1 cxd4 {0-1 Garcia Martin,M (2308)-Mamedjarova,T (2264) WchT (Women) Pool-A rapid 2021 (5.1)}) 11. Nbd2 Qe7 12. d5 (12. Bd3 $14) 12... Nd8 13. Bxa7 Rxa7 14. Bd3 Nh5 15. Nf1 Nf4 16. Ng3 c6 17. c4 cxd5 18. cxd5 b5 19. b4 ({White should play} 19. Rc1 $11) 19... a5 $15 20. bxa5 Rxa5 21. Ne2 {[%emt 0:02:45] [#]} Nxd3 22. Qxd3 Nb7 23. Nd2 Nc5 24. Qe3 Rfa8 {[%emt 0:01:51][%cal Oa5a3] Black has strong rooks and is better} 25. Nc1 Ra3 {[%emt 0:01:40] Black is more active.} 26. Qe2 (26. Ncb3 $17) 26... Qg5 $19 27. Nf3 Qf4 28. Nd2 {[%emt 0:03:31] [#]} Bxh3 $1 $40 {[%emt 0:18:58][%mdl 640] White is in trouble. White is weak on the dark squares} 29. gxh3 $2 (29. Ncb3 Qg5 30. g3) (29. Ndb3 Qg5) 29... Rxh3 30. Nf1 {[%emt 0:04:01] Wards off Qh2+} Ra4 31. f3 Rxf3 32. Qh2 Qf6 33. Nd2 Qg5+ 34. Kh1 Rf4 35. Rg1 Qf6 {[%emt 0:00:10][%cal Of4h4] White must now prevent ...Rh4!.} 36. Rg3 Nxe4 37. Nxe4 Raxe4 38. Qc2 Rf1+ 39. Kg2 Ree1 40. Qh7+ {[%emt 0:07:06] Weighted Error Value: White=0.88/Black=0.13 (very precise)   Mistake:       	White=4     	---        Inaccurate:     	White=3     	Black=2      OK:         	White=5     	Black=10     Best:        	---       	Black=1} 0-1

[Event "4NCL Div 2 2024-25"]
[Site "England"]
[Date "2025.02.15"]
[Round "5.5"]
[White "Zakarian, Dimitrios Levon"]
[Black "Shek, Daniel"]
[Result "1-0"]
[Annotator "TA"]
[ECO "A61"]
[WhiteElo "1968"]
[BlackElo "1873"]
[PlyCount "49"]
[EventDate "2024.11.23"]
[EventType "team-tourn"]
[EventCountry "ENG"]
[SourceTitle "playchess.com"]
[Source "ChessBase"]
[SourceQuality "1"]
[TimeControl "40/6000+30:3000+30"]

1. d4 Nf6 2. c4 c5 3. d5 e6 4. Nc3 exd5 5. cxd5 d6 6. Nf3 g6 7. Bf4 Bg7 8. Qa4+ Qd7 {[%emt 0:17:01] A61: Modern Benoni: Nf3 without early e4.} (8... Bd7 $14 9. Qb3 Qc7) 9. Bxd6 {[%emt 0:14:46] White is much more active.} Qxa4 10. Nxa4 Nxd5 {[%emt 0:02:34] White is better.} 11. O-O-O (11. Bxc5 $6 Bd7 12. Rd1 Bxa4 $11) ({White should play} 11. e4 $16 Nb4 12. O-O-O (12. Nxc5 Nc2+ 13. Kd2 Nxa1 $15)) 11... Be6 $146 (11... Nb6 $1 $14 12. Nxc5 Nc4) ({Predecessor:} 11... Nb4 12. a3 N4a6 13. Nxc5 Nxc5 14. Bxc5 Na6 15. Bd4 O-O 16. e3 Bf5 17. Bd3 Rac8+ {½-½ Volodin,A (2497)-Martel,E (2480) Titled Tuesday intern op 5th May blitz 2020 (2)}) 12. Nxc5 $18 Nd7 (12... Nc6 {keeps fighting.} 13. Nxe6 (13. Nxb7 Nde7 $18) 13... fxe6) 13. Nxe6 ({Don't do} 13. Nxb7 N5b6 14. e3 Bxa2) 13... fxe6 14. e4 N5f6 15. Bd3 Ng4 16. Rhf1 Nge5 17. Nxe5 Nxe5 18. Bb5+ {[%emt 0:02:40] A strong pair of Bishops.} Nc6 19. f4 {[%emt 0:01:26] Black is weak on the dark squares} Rc8 20. Kb1 {[%emt 0:05:58] and f5 should not be overlooked} a6 21. Bxc6+ Rxc6 22. f5 gxf5 (22... exf5 $16 23. exf5 Kf7 24. fxg6+ Kxg6) 23. exf5 Bf8 {[%emt 0:02:44] Repels f6} (23... exf5 $142 24. Rxf5 Rc4 25. Re1+ Kd7) 24. Bg3 (24. Be5 $18 Rg8 25. f6 Rxg2 26. f7+ Ke7 27. Bg3) 24... Bc5 (24... exf5 $16 25. Rxf5 Be7) 25. Rfe1 {[%emt 0:03:52] Weighted Error Value: White=0.24 (precise) /Black=0.37  Mistake:       	White=2     	Black=5      OK:         	White=6     	Black=5} 1-0